 Dungeon Crawl Stone Soup version 0.27-a0-1442-g87b6fcb595 (webtiles) character file.

Game seed: 9762041246442387219

13155 Tocho the Unseen (level 12, -4/96 HPs)
             Began as a Kobold Enchanter on July 4, 2021.
             Was a High Priest of Okawaru.
             Slain by a yak (6 damage)
             ... in an ice cave.
             The game lasted 00:34:38 (16229 turns).

Tocho the Unseen (Kobold Enchanter)                Turns: 16229, Time: 00:34:38

Health: -4/96      AC: 26    Str:  6 (7)  XL:     12   Next: 29%
Magic:  22/22      EV:  3    Int: 17 (18) God:    Okawaru [*****.]
Gold:   392        SH:  0    Dex: 17      Spells: 16/24 levels left

rFire    . . .     SeeInvis .   o - +7 dagger (drain)
rCold    + . .     Faith    .   (shield restricted)
rNeg     + + +     Spirit   .   (armour currently unavailable)
rPois    +         Reflect  .   (helmet currently unavailable)
rElec    .         Harm     .   (cloak currently unavailable)
rCorr    .         Rampage  .   (gloves currently unavailable)
Will     +....     Rnd*Rage +   (boots currently unavailable) Stlth +++++++...NoTele +
                                y - amulet of magic regeneration
HPRegen  0.26/turn              f - ring of protection from cold
MPRegen  0.43/turn              e - ring of willpower

@: tree-form, unable to read
A: stationary, stasis, torment immunity, boosted hp, small, no large weapons,
nightstalker 3, berserk 1, deterioration 1, sense surroundings 1, inability to
read while threatened
a: Renounce Religion, Heroism, Finesse


You were in an ice cave.
You worshipped Okawaru.
Okawaru was extremely pleased with you.
You were a tree.
You visited 2 branches of the dungeon, and saw 12 of its levels.
You also visited: Ice Cave.

You collected 725 gold pieces.
You spent 333 gold pieces at shops.

Inventory:

Hand Weapons
 a - a +1 dagger
 d - a +2 scimitar of flaming
 o - a +7 dagger of draining (weapon)
 t - a +1 short sword of electrocution
 G - a +5 dagger of venom
Missiles
 g - 31 poisoned darts
 A - 2 throwing nets
Armour
 b - a +1 robe
 p - a +3 leather armour
 s - a +0 helmet (melded)
 v - the +3 leather armour "Kunoasch" {rF+++ rC+ Str-5 Slay+3}
   (You bought it in a shop on level 7 of the Dungeon)

   Str:       It affects your strength (-5).
   Slay:      It affects your accuracy & damage with ranged weapons and melee
   (+3).
   rF:        It renders you almost immune to fire.
   rC:        It protects you from cold.
 w - a +0 cloak
 B - +1 steam dragon scales (melded)
 I - a scarf of resistance (melded)
Jewellery
 e - a ring of willpower (right branch)
 f - a ring of protection from cold (left branch)
 y - an amulet of magic regeneration (around neck)
Wands
 c - a wand of iceblast (13) (quivered)
 h - a wand of digging (3)
 k - a wand of mindburst (37)
 q - a wand of polymorph (29)
 z - a wand of acid (5)
Scrolls
 n - 4 scrolls of teleportation
 r - 2 scrolls of identify
 u - a scroll of fear
 x - 2 scrolls of amnesia
 C - a scroll of blinking
 D - a scroll of enchant armour
Potions
 i - a potion of degeneration
 j - 3 potions of lignification
 l - a potion of brilliance
 E - a potion of flight
 H - a potion of berserk rage {unknown}
Miscellaneous
 F - a tin of tremorstones (2/2)


   Skills:
 + Level 2.7 Fighting
 * Level 7.7 Short Blades
 + Level 1.7 Armour
 * Level 8.2 Dodging
 * Level 16.6 Stealth
 * Level 6.7 Spellcasting
 * Level 7.1 Hexes
 * Level 6.0 Ice Magic


You had 16 spell levels left.
You knew the following spells:

 Your Spells              Type           Power      Damage    Failure   Level
a - Corona                Hex            33%        N/A       1%          1
b - Ensorcelled Hibernat  Hex/Ice        56%        N/A       1%          2
c - Slow                  Hex            30%        N/A       1%          2
d - Confusing Touch       Hex            30%        N/A       1%          3

Your spell library contained the following spells:

 Spells                   Type           Power      Damage    Failure   Level
 Tukima's Dance           Hex            30%        N/A       1%          3
 Dazzling Flash           Conj/Hex       34%        N/A       9%          3
 Animate Skeleton         Necr           10%        N/A       12%         1
 Pain                     Necr           20%        1d5       12%         1
 Shock                    Conj/Air       20%        1d4       12%         1
 Swiftness                Air            5%         N/A       34%         3
 Vampiric Draining        Necr           2%         2d6       34%         3
 Yara's Violent Unravell  Hex/Tmut       8%         3d5       58%         5
 Airstrike                Air            2%         N/A       75%         4


Dungeon Overview and Level Annotations

Branches:
Dungeon (11/15)            Temple (0/1) D:7            Lair (1/6) D:10
    Orc (0/2) D:10          IceCv (1/1)

Altars:
Ashenzari
Cheibriados
Elyvilon
Gozag
Hepliaklqana
Okawaru
Qazlal
Ru
Yredelemnul
Zin
The Shining One
Beogh

Shops:
D:7 :**[?   D:10 *


Innate Abilities, Weirdness & Mutations

You are a tree.
Your roots penetrate the ground, keeping you stationary.
You cannot be teleported.
You are immune to unholy pain and torment.
Your maximum health is greatly increased.
Your equipment is partially melded.
You are small and have problems with some larger weapons.
You are completely attuned to the shadows.
You tend to lose your temper in combat.
Your body sometimes deteriorates upon taking damage.
You passively map a small area around you.
You sometimes lose the ability to read scrolls when taking damage.


Message History

The polar bear is moderately wounded.
The polar bear barely misses you.
The polar bear claws you but does no damage. x2
The polar bear bites you.
* * * LOW HITPOINT WARNING * * *
The polar bear claws you.
* * * LOW HITPOINT WARNING * * *
The polar bear claws you but does no damage.
The yak gores you.
* * * LOW HITPOINT WARNING * * *
You strike the helpless polar bear from behind!
You stick the polar bear like a pincushion!!!
You kill the polar bear!
Okawaru accepts your kill. The polar bear barely misses you.
The polar bear claws you but does no damage. x2
Your Ice Magic skill increases to level 6!
You feel better. The polar bear completely misses you.
The polar bear claws you but does no damage. x2
The yak gores you.
* * * LOW HITPOINT WARNING * * *
The polar bear bites you.
* * * LOW HITPOINT WARNING * * *
The polar bear claws you.
* * * LOW HITPOINT WARNING * * *
The polar bear barely misses you.
You feel better. The polar bear bites you.
You feel threatened and lose the ability to read scrolls!
* * * LOW HITPOINT WARNING * * *
The polar bear claws you but does no damage. x2
The yak gores you but does no damage. The polar bear bites you.
* * * LOW HITPOINT WARNING * * *
The polar bear claws you but does no damage. x2
You cannot move.
It was a potion of flight.
Your roots keep you in place.
The polar bear bites you.
* * * LOW HITPOINT WARNING * * *
The polar bear claws you but does no damage. x2
The yak gores you.
You die...

* #####
##...## ≈
##..∩..##
#.......#
*
#...∩...#
*##.....##
, ##...##
* #.†.## *
##♣h.# * ≈
##Yh.#
##...##
≈≈#...## ≈
#..##
##..##
*≈≈*##..#
####Y.##
##.#....#.


You could see 2 polar bears and a yak (drained).

Vanquished Creatures
  Erica (D:8)
  A two-headed ogre (D:9)
  Nergalle (D:10)
  An ugly thing (D:10)
  A black mamba (Lair:1)
  Psyche (D:10)
  Maggie (D:8)
  A komodo dragon (Lair:1)
  3 polar bears (IceCv)
  Prince Ribbit (D:8)
  Sigmund (D:6)
  The ghost of Orlauf the Chucker, an amateur TrHu (D:4)
  17 yaks
  2 vampires (D:9)
  2 wyverns
  A swamp worm (D:9)
  2 water moccasins
  11 ice beasts
  A meliai simulacrum (D:10)
  A hornet zombie (D:6)
  3 orc warriors
  2 sky beasts
  6 black bears
  2 ogres
  4 wolves
  2 centaurs
  Blork the orc (D:4)
  5 bullfrogs
  A gnoll sergeant (D:7)
  A water moccasin zombie (D:5)
  3 scorpions
  A wyvern skeleton (D:5)
  2 water moccasin skeletons (D:5)
  4 wights
  A howler monkey (D:5)
  A bullfrog zombie (D:5)
  A centaur zombie (D:9)
  5 hounds
  11 orc priests
  2 jellies (D:4)
  Crazy Yiuf (D:4)
  A bullfrog skeleton (D:6)
  3 centaur skeletons
  A gnoll shaman (D:7)
  2 iguanas
  Ijyb (D:3)
  6 orc wizards
  2 howler monkey zombies
  20 gnolls
  10 adders
  A howler monkey skeleton (D:7)
  3 shadow imps
  An adder skeleton (D:4)
  3 worms
  2 dart slugs
  51 orcs
  6 endoplasms
  3 giant cockroaches
  12 goblins
  3 hobgoblins
  4 jackals
  3 quokkas
  11 ball pythons
  5 bats
  5 frilled lizards
  6 kobolds
  3 rats
278 creatures vanquished.

Vanquished Creatures (others)
  An orc (D:7)
  41 fungi (D:10)
  43 plants
85 creatures vanquished.

Grand Total: 363 creatures vanquished

Notes
Turn   | Place    | Note
-------+----------+-------------------------------------------
     0 | D:1      | Tocho the Kobold Enchanter began the quest for the Orb.
     0 | D:1      | Reached XP level 1. HP: 10/10 MP: 3/3
   284 | D:1      | Found a faded altar of an unknown god.
   308 | D:1      | Reached XP level 2. HP: 7/15 MP: 1/5
   936 | D:1      | Learned a level 2 spell: Ensorcelled Hibernation
  1202 | D:1      | Reached XP level 3. HP: 19/19 MP: 6/6
  1685 | D:2      | Reached skill level 5 in Stealth
  1814 | D:2      | Noticed an ogre
  1817 | D:2      | Killed an ogre
  1818 | D:2      | Reached skill level 6 in Stealth
  1818 | D:2      | Reached skill level 1 in Ice Magic
  1818 | D:2      | Reached XP level 4. HP: 24/24 MP: 7/7
  1818 | D:2      | Reached XP level 5. HP: 28/28 MP: 8/8
  2504 | D:2      | Found a hazy altar of Hepliaklqana.
  3190 | D:3      | Noticed Ijyb
  3199 | D:3      | Killed Ijyb
  3200 | D:3      | Reached skill level 7 in Stealth
  3200 | D:3      | Reached XP level 6. HP: 26/33 MP: 4/9
  4280 | D:3      | Found a sacrificial altar of Ru.
  4862 | D:3      | Found a glowing golden altar of the Shining One.
  5180 | D:4      | Learned a level 2 spell: Slow
  5671 | D:4      | Reached XP level 7. HP: 37/37 MP: 10/10
  5870 | D:4      | Reached skill level 8 in Stealth
  5888 | D:4      | Reached skill level 1 in Fighting
  5892 | D:4      | Learned a level 3 spell: Confusing Touch
  5897 | D:4      | Found an iron altar of Okawaru.
  5906 | D:4      | Became a worshipper of Warmaster Okawaru
  5914 | D:4      | Noticed Blork the orc
  5917 | D:4      | Killed Blork the orc
  5935 | D:4      | Found an opulent altar of Gozag.
  6345 | D:4      | Found a runed translucent door.
  6348 | D:4      | Noticed Crazy Yiuf
  6352 | D:4      | Killed Crazy Yiuf
  6353 | D:4      | Reached skill level 9 in Stealth
  6418 | D:4      | Found a runed translucent gate.
  6419 | D:4      | Found a runed translucent gate.
  6420 | D:4      | Found a runed translucent gate.
  6423 | D:4      | Noticed Orlauf's ghost (amateur TrHu)
  6644 | D:4      | Identified the +2 chain mail of Zin's Hope {rElec Str+5
                  | SInv}
  6677 | D:4      | Killed Orlauf's ghost
  6678 | D:4      | Reached XP level 8. HP: 38/43 MP: 4/11
  6945 | D:4      | Gained mutation: Your body sometimes deteriorates upon
                  | taking damage. [potion of mutation]
  6945 | D:4      | Gained mutation: You sometimes lose the ability to read
                  | scrolls when taking damage. [potion of mutation]
  6945 | D:4      | Gained mutation: You tend to lose your temper in combat.
                  | [potion of mutation]
  6945 | D:4      | Gained mutation: You passively map a small area around you.
                  | [potion of mutation]
  6947 | D:5      | Entered Level 5 of the Dungeon
  6951 | D:5      | Reached * piety under Okawaru
  6969 | D:5      | Found a white marble altar of Elyvilon.
  7201 | D:5      | Reached skill level 10 in Stealth
  8178 | D:5      | Reached XP level 9. HP: 47/47 MP: 11/14
  8383 | D:5      | Reached ** piety under Okawaru
  8443 | D:5      | Reached skill level 1 in Armour
  8572 | D:5      | Reached skill level 5 in Short Blades
  8614 | D:5      | Reached skill level 11 in Stealth
  9070 | D:6      | Found a stormy altar of Qazlal.
  9070 | D:6      | Noticed Sigmund
  9080 | D:6      | Killed Sigmund
  9081 | D:6      | Reached skill level 5 in Dodging
  9081 | D:6      | Reached skill level 5 in Hexes
  9490 | D:7      | Found a glowing silver altar of Zin.
  9532 | D:7      | Reached *** piety under Okawaru
  9537 | D:7      | Reached skill level 12 in Stealth
  9855 | D:7      | Found Qymequeb's Book Boutique.
  9873 | D:7      | Found Araf's General Store.
  9891 | D:7      | Found Temiwega's Assorted Antiques.
  9897 | D:7      | Bought a scroll of enchant weapon for 172 gold pieces
  9897 | D:7      | Bought a steaming leather armour for 161 gold pieces
  9897 | D:7      | Identified the +3 leather armour "Kunoasch" {rF+++ rC+
                  | Str-5 Slay+3} (You bought it in a shop on level 7 of the
                  | Dungeon)
  9919 | D:7      | Found Puzoll's Armour Emporium.
 10069 | D:7      | Found a staircase to the Ecumenical Temple.
 10084 | D:7      | Reached XP level 10. HP: 53/53 MP: 16/16
 10098 | D:7      | Found Qulo's Magic Scroll Shop.
 10808 | D:8      | Noticed Erica
 10812 | D:8      | Killed Erica
 10813 | D:8      | Reached skill level 13 in Stealth
 10813 | D:8      | Reached skill level 5 in Spellcasting
 10979 | D:8      | Reached **** piety under Okawaru
 10980 | D:8      | Found a snail-covered altar of Cheibriados.
 10984 | D:8      | Found a basalt altar of Yredelemnul.
 11248 | D:8      | Noticed Prince Ribbit
 11252 | D:8      | Killed Prince Ribbit
 11527 | D:8      | Noticed Maggie
 11532 | D:8      | Killed Maggie
 11766 | D:9      | Noticed a two-headed ogre
 11770 | D:9      | Killed a two-headed ogre
 12002 | D:9      | Reached skill level 14 in Stealth
 12380 | D:9      | Reached XP level 11. HP: 57/57 MP: 19/19
 12431 | D:9      | Found a broken altar of Ashenzari.
 12464 | D:9      | Reached ***** piety under Okawaru
 12864 | D:10     | Entered Level 10 of the Dungeon
 12864 | D:10     | Noticed Nergalle
 12866 | D:10     | Killed Nergalle
 13313 | D:10     | Reached skill level 5 in Ice Magic
 13886 | D:10     | Reached skill level 15 in Stealth
 13995 | D:10     | Found a staircase to the Lair.
 14211 | D:10     | Found Itsup's General Store.
 14260 | D:10     | Noticed a red ugly thing
 14263 | D:10     | Killed a red ugly thing
 14407 | D:10     | Found a staircase to the Orcish Mines.
 14603 | D:10     | Noticed Psyche
 15101 | D:10     | Killed Psyche
 15228 | Lair:1   | Entered Level 1 of the Lair of Beasts
 15454 | Lair:1   | Reached skill level 16 in Stealth
 15517 | Lair:1   | Reached XP level 12. HP: 62/62 MP: 21/21
 15551 | Lair:1   | Found a frozen archway.
 15553 | Lair:1   | Received a gift from Okawaru
 15750 | IceCv    | Entered an ice cave
 16229 | IceCv    | HP: 2/96 [polar bear (6)]
 16229 | IceCv    | Slain by a yak

Illustrated notes

Levels and vault maps discovered:
D:1:      erik_arrival_blinker_ship, layout_basic, ebering_ecumenical_altar_mist
D:2:      layout_basic, basic_altar, minmay_misc_feat_cross
D:3:      layout_loops_ring, nicolae_tso_carved_into_rock,
          nicolae_ru_the_path_less_chosen, uniq_ijyb
D:4:      layout_basic, kennysheep_little_box,
          nicolae_gozag_cash_rules_everything_around_me,
          biasface_ghost_orc_armoury, nrook_mini_vaults, kennysheep_nub,
          grunt_decor_cap, minmay_goblin_outpost, uniq_crazy_yiuf_cottage,
          uniq_blork_the_orc
D:5:      layout_loops_ring, elyvilon_altar_5
D:6:      layout_rooms, amcnicky_altar_gilded, uniq_sigmund
D:7:      layout_loops_ring, old_standard_altar, minmay_temple_entry_junction_2,
          serial_shops, nicolae_shop_crystal, nicolae_shop_stone,
          nicolae_shop_stone, nicolae_stop_n_shop_2, nicolae_square_shop,
          minmay_misc_feat_hallway, chequers_garden,
          kennysheep_decorative_pillar, chequers_jeans, minmay_starry_boxes
D:8:      layout_gridville, jmf_multi_god_temple, nrook_mini_backslash,
          hangedman_decor_lopped, uniq_erica, uniq_prince_ribbit1, uniq_maggie
D:9:      layout_small_grid, marbit_many_paths, worms_lemuel
D:10:     layout_long_grid, due_lair_maze_entry_diamond, hiddenorc2_lemuel,
          serial_shops, nicolae_shop_trees, minivault_20, uniq_psyche,
          uniq_nergalle
D:11:     layout_long_grid
Lair:1:   beast_lair_carwin_large_1, layout_chaotic_city,
          portal_ice_cave_entry_ice_beasts, minivault_27
IceCv:    ice_cave_small_giant

Skill      XL: |  1  2  3  4  5  6  7  8  9 10 11 12 |
---------------+-------------------------------------+-----
Short Blades   | 2 3 4 5 6 7 |  7.7
Stealth        | 6 7 9 10 12 14 16 | 16.6
Dodging        | 3 4 5 6 8 |  8.2
Ice Magic      | 1 2 3 4 5 6 |  6.0
Fighting       | 1 2 |  2.7
Hexes          | 4 5 6 7 |  7.1
Spellcasting   | 3 4 5 6 |  6.7
Armour         | 1 |  1.7

Action                   |  1- 3 |  4- 6 |  7- 9 | 10-12 || total
-------------------------+-------+-------+-------+-------++-------
Melee: Dagger            |    57 |   108 |   225 |   287 ||   677
 Cast: Corona            |     6 |       |     1 |       ||     7
       Ensorcelled Hiber |     7 |    34 |    18 |    63 ||   122
       Confusing Touch   |       |       |    12 |     6 ||    18
Evoke: Wand              |       |       |     1 |       ||     1
  Use: Scroll            |       |     7 |     7 |     7 ||    21
       Potion            |       |     1 |     4 |     9 ||    14
 Stab: Sleeping          |    19 |    34 |    45 |    75 ||   173
       Distracted        |       |     1 |     1 |     3 ||     5
       Confused          |       |       |    12 |     5 ||    17
Armor: Robe              |     9 |    21 |       |       ||    30
       Skin              |       |    41 |       |    91 ||   132
       Leather armour    |       |       |    30 |    14 ||    44
       Steam dragon scal |       |       |       |    59 ||    59
Dodge: Dodged            |    34 |    87 |    91 |   179 ||   391

Table legend: (Time is in decaauts)
 A = Elapsed time spent in this place.
 B = Non-inter-level travel time spent in this place.
 C = Inter-level travel time spent in this place.
 D = Time resting spent in this place.
 E = Time spent auto-exploring this place.
 F = Levels seen in this place.
 G = Mean time per level.
                   A        B        C        D        E       F      G
               +--------+--------+--------+--------+--------+-----+--------+
         Total |  16099 |  15383 |    716 |   3746 |   9424 |  13 | 1238.4 |
       Dungeon |  15131 |  14418 |    713 |   3141 |   9241 |  11 | 1375.5 |
          Lair |    508 |    505 |      3 |    217 |    173 |   1 |  508.0 |
      Ice Cave |    459 |    459 |      0 |    388 |     10 |   1 |  459.0 |
               +--------+--------+--------+--------+--------+-----+--------+

Top non-repeatable levels by time:
     D:4: 2307 daAuts
     D:2: 2177 daAuts
     D:9: 1882 daAuts
     D:1: 1618 daAuts
    D:10: 1567 daAuts
     D:3: 1367 daAuts
     D:5: 1298 daAuts
     D:7: 1280 daAuts
     D:8: 950 daAuts
     D:6: 661 daAuts
  Lair:1: 508 daAuts
   IceCv: 459 daAuts
    D:11: 20 daAuts
